Map: [ESL] Gresvan

Players

Lambo

  • Race: Zerg Zerg
  • Spawn Location: 11:00

Kelazhur - Winner!

  • Race: Terran Terran
  • Spawn Location: 5:00

Event: ESL SC2 Masters 2023 Summer (Regionals)

VOD

Have the link to the VOD?

Description

Time

  • Played on: June 13, 2023, 10:54 a.m.
  • Length: 20:18

All games in this series

Show
View Real Time Build Order
Export as new Build Order

Lambo Zerg 

Build Orders: Hatch First 

Get SALT Encoding   

  12  0:00  Drone  
  13  0:12  Overlord  
  13  0:16  Drone  
  14  0:30  Drone x2  
  16  0:47  Hatchery  
  15  0:50  Drone  
  15  0:54  Drone  
  17  0:57  Drone  
  18  1:09  Extractor  
  17  1:12  Spawning Pool  
  17  1:16  Drone  
  17  1:18  Drone  
  18  1:27  Drone  
  19  1:38  Drone  
  20  1:49  Drone  
  21  1:59  Queen x2  
  21  2:00  Zergling x4  
  27  2:10  Overlord, Drone, Metabolic Boost  
  27  2:30  Zergling x4  
  27  2:32  Spine Crawler  
  27  2:35  Zergling x4  
  27  2:36  Queen  
  28  2:42  Zergling x2  
  30  2:47  Zergling x2  
  30  2:50  Spore Crawler  
  31  2:53  Zergling x2  
  31  2:56  Queen  
  31  2:58  Overlord  
  33  3:04  Evolution Chamber  
  33  3:06  Spore Crawler  
  33  3:07  Zergling x2  
  33  3:17  Drone x3  
  33  3:18  Zergling x4  
  39  3:25  Drone x2  
  41  3:27  Drone  
  41  3:30  Drone  
  43  3:41  Overlord  
  43  3:43  Overlord  
  43  3:45  Overlord  
  43  3:59  Hatchery  
  42  4:03  Drone x2  
  42  4:05  Drone  
  42  4:06  Drone  
  42  4:09  Drone x2  
  48  4:13  Drone x2  
  49  4:17  Drone  
  49  4:19  Drone  
  49  4:21  Drone  
  49  4:22  Drone  
  49  4:24  Drone  
  54  4:29  Drone x2  
  56  4:33  Queen  
  56  4:37  Queen  
  60  4:45  Drone x2  
  60  4:46  Drone x3  
  65  4:52  Overlord  
  65  4:55  Drone  
  66  5:01  Baneling Nest  
  66  5:02  Zergling x4  
  67  5:08  Zergling x2  
  67  5:09  Overlord  
  67  5:10  Overlord  
  67  5:13  Overlord  
  70  5:15  Drone x2  
  70  5:19  Overlord  
  70  5:20  Overlord  
  72  5:22  Drone  
  72  5:24  Drone x4  
  72  5:26  Queen  
  77  5:32  Drone x2  
  77  5:34  Drone  
  76  5:43  Lair  
  76  5:45  Extractor  
  76  5:46  Extractor  
  76  5:47  Drone x4  
  78  5:51  Zergling x6  
  78  5:54  Hatchery  
  80  5:59  Zergling x14  
  80  6:01  Drone  
  80  6:03  Extractor  
  87  6:07  Drone  
  87  6:08  Drone  
  88  6:11  Drone  
  88  6:15  Drone x2  
  88  6:16  Evolution Chamber  
  88  6:18  Evolution Chamber  
  89  6:20  Drone x4  
  89  6:25  Drone  
  94  6:27  Zergling x10  
  94  6:29  Drone  
  100  6:32  Extractor  
  100  6:34  Baneling x2, Zergling x4  
  100  6:35  Baneling x2  
  100  6:36  Baneling x3  
  101  6:41  Zergling x2  
  101  6:44  Zergling x8  
  104  6:47  Zergling x2  
  100  6:55  Drone x6  
  100  6:56  Overlord  
  100  6:57  Overlord  
  106  7:01  Zerg Melee Weapons Level 1, Zerg Ground Armor Level 1  
  106  7:04  Centrifugal Hooks  
  106  7:08  Drone x4  
  109  7:18  Zergling x2  
  109  7:19  Zergling x6  
  113  7:23  Infestation Pit  
  113  7:26  Drone  
  113  7:28  Baneling x2  
  113  7:30  Queen, Drone x8, Spore Crawler  
  113  7:31  Spore Crawler  
  113  7:32  Zergling x2  
  113  7:34  Baneling  
  122  7:38  Baneling x2  
  122  7:40  Zergling x4  
  122  7:41  Baneling x2  
  122  7:42  Drone x4  
  128  7:49  Overlord  
  123  7:57  Overlord  
  123  7:58  Overlord, Spore Crawler  
  120  7:59  Overlord x2, Hive  
  120  8:02  Overlord  
  120  8:03  Overlord  
  120  8:04  Overlord x2  
  120  8:07  Overlord  
  120  8:12  Zergling x6  
  117  8:16  Zergling x14  
  119  8:21  Zergling x2  
  119  8:26  Zergling x6  
  119  8:27  Zergling x4  
  121  8:31  Queen  
  121  8:32  Drone x3  
  126  8:37  Overlord  
  126  8:39  Queen x2  
  126  8:40  Zergling x16  
  138  8:42  Hatchery  
  138  8:45  Baneling x5  
  138  8:48  Zergling x8  
  138  8:50  Baneling x2  
  141  8:56  Zergling x12  
  141  9:02  Baneling x3  
  147  9:04  Baneling x6  
  147  9:06  Hatchery, Zergling x6  
  147  9:08  Baneling x4  
  145  9:11  Zergling x6  
  145  9:12  Zergling x2  
  145  9:15  Zergling x6  
  145  9:16  Baneling x2  
  146  9:19  Zergling x2  
  146  9:21  Zergling x4  
  135  9:26  Zergling x10  
  135  9:30  Zergling x8  
  135  9:31  Zergling x2  
  129  9:33  Zergling x4  
  129  9:36  Baneling x5  
  127  9:41  Zergling x6  
  127  9:43  Baneling x4  
  128  9:46  Zergling x6  
  128  9:49  Viper  
  128  9:51  Adrenal Glands  
  129  9:53  Zergling x2  
  129  9:57  Drone  
  129  9:58  Zergling x10  
  135  10:02  Zerg Melee Weapons Level 2  
  135  10:06  Zergling x10  
  139  10:09  Zergling x6  
  139  10:12  Zergling x8  
  131  10:17  Zergling x8  
  121  10:23  Zergling x4  
  121  10:24  Zerg Ground Armor Level 2  
  121  10:28  Baneling, Zergling x12  
  127  10:29  Baneling x4  
  127  10:31  Zergling x2  
  127  10:34  Zergling x2  
  127  10:35  Zergling x6  
  132  10:40  Zergling x10  
  131  10:43  Zergling x4  
  131  10:49  Zergling x4  
  135  10:50  Baneling x4  
  135  10:52  Zergling x2  
  135  10:53  Hatchery, Zergling x2  
  136  10:58  Zergling x2  
  136  11:01  Viper  
  138  11:06  Drone x3  
  138  11:07  Zergling x6  
  138  11:09  Zergling x2  
  145  11:11  Baneling x9  
  145  11:13  Zergling x8  
  149  11:19  Zergling x6  
  149  11:25  Zergling x14  
  153  11:29  Drone  
  153  11:31  Zergling x8, Ultralisk Cavern  
  157  11:33  Zergling x10  
  157  11:34  Baneling x7  
  157  11:37  Zergling x2  
  157  11:38  Zergling x4  
  164  11:45  Zergling x12  
  165  11:49  Zergling x2  
  158  11:56  Zergling x14  
  146  12:03  Zergling x12  
  151  12:17  Drone x6  
  151  12:18  Zergling x14  
  164  12:25  Zergling x2  
  164  12:26  Pneumatized Carapace  
  164  12:27  Chitinous Plating, Zerg Melee Weapons Level 3  
  164  12:29  Hatchery  
  164  12:34  Ultralisk  
  171  12:38  Zergling x18  
  179  12:48  Ultralisk  
  179  12:50  Overseer  
  185  12:52  Lair  
  185  12:53  Hatchery  
  180  13:00  Hatchery  
  180  13:03  Zergling x2  
  180  13:04  Zergling x22  
  189  13:12  Ultralisk  
  195  13:16  Drone x5  
  195  13:17  Extractor, Spore Crawler, Baneling x5  
  198  13:22  Overseer  
  198  13:26  Overlord  
  198  13:30  Zergling x22  
  198  13:33  Zergling x6  
  176  13:42  Ultralisk  
  176  13:45  Overseer  
  171  13:50  Drone x2  
  171  13:51  Zergling x16  
  181  13:57  Drone  
  181  13:58  Spore Crawler, Ultralisk  
  181  14:00  Zergling x8  
  191  14:06  Ultralisk  
  191  14:09  Baneling x5  
  197  14:16  Zergling x4  
  199  14:18  Zergling x2  
  199  14:19  Baneling x7  
  199  14:21  Baneling  
  199  14:35  Baneling x7  
  192  14:42  Zergling x26  
  198  14:47  Zergling x8  
  198  14:51  Zergling x20  
  187  14:59  Zergling x2  
  163  15:00  Zergling x8  
  163  15:02  Zergling x2  
  163  15:05  Zergling x8  
  148  15:13  Ultralisk x2  
  134  15:26  Zergling x10  
  134  15:28  Baneling x5  
  139  15:29  Baneling  
  139  15:30  Baneling x3  
  139  15:34  Zergling x14  
  146  15:37  Zergling x8  
  146  15:42  Zergling x2  
  151  15:48  Viper  
  151  15:49  Hydralisk Den  
  152  15:51  Drone x4  
  156  16:00  Ultralisk x2  
  156  16:02  Hatchery  
  167  16:14  Drone  
  167  16:15  Drone x3  
  171  16:21  Hatchery  
  171  16:24  Overseer  
  170  16:27  Muscular Augments  
  170  16:28  Zerg Ground Armor Level 3  
  170  16:35  Extractor  
  167  16:44  Hydralisk  
  169  16:53  Hydralisk x7  
  183  16:58  Extractor  
  182  17:04  Zergling x12  
  182  17:05  Overlord x2, Baneling x9  
  182  17:06  Overlord, Baneling  
  177  17:17  Overlord  
  177  17:19  Overlord  
  177  17:25  Viper  
  177  17:26  Hydralisk x4  
  188  17:31  Zergling x24  
  200  17:37  Baneling  
  200  17:38  Baneling x7  
  200  17:39  Grooved Spines  
  200  17:46  Zergling x2  
  200  17:48  Baneling x5, Zergling x4  
  200  17:49  Zergling x2  
  195  17:53  Zergling x2  
  195  17:54  Zergling x16  
  195  17:55  Anabolic Synthesis  
  195  17:57  Zergling x2  
  194  18:00  Zergling x4  
  192  18:06  Zergling x8  
  190  18:15  Zergling x12  
  190  18:19  Zergling x6  
  185  18:23  Zergling x8  
  185  18:26  Overseer  
  166  18:28  Zergling x8  
  166  18:30  Zergling x4  
  166  18:32  Baneling x5  
  166  18:33  Zergling x2  
  173  18:35  Zergling x4  
  173  18:37  Zergling x2  
  173  18:38  Zergling x4  
  167  18:41  Zergling x6  
  167  18:43  Zergling x4  
  167  18:47  Zergling x4  
  167  18:48  Zergling x4  
  155  18:54  Viper  
  156  18:56  Drone x3  
  156  19:02  Zergling x12  
  165  19:07  Zergling x4  
  165  19:08  Baneling x13  
  167  19:12  Zergling x2  
  167  19:13  Zergling x2  
  167  19:15  Zergling x6  
  172  19:20  Zergling x4  
  172  19:21  Baneling x7  
  172  19:23  Zergling x4  
  176  19:26  Zergling x2  
  176  19:27  Zergling x6  
  180  19:32  Zergling x8  
  180  19:35  Zergling x2  
  180  19:36  Zergling x2  
  180  19:38  Zergling x2  
  187  19:39  Overseer  
  187  19:43  Zergling x6  
  187  19:44  Zergling x2  
  178  19:48  Baneling x2  
  178  19:51  Zergling x8  
  181  19:55  Zergling x4  
  181  19:56  Zergling x6  
  181  19:58  Zergling x4  
Show
View Real Time Build Order
Export as new Build Order

Kelazhur Terran - Winner!

Build Orders:  

Get SALT Encoding   

  12  0:00  SCV  
  13  0:12  SCV  
  14  0:18  Supply Depot  
  14  0:24  SCV  
  15  0:39  SCV  
  15  0:41  Barracks  
  16  0:45  Refinery  
  16  0:52  SCV  
  17  1:03  Barracks  
  17  1:04  SCV  
  18  1:16  SCV  
  19  1:28  Orbital Command  
  19  1:29  Reaper  
  20  1:33  Supply Depot  
  20  1:49  Reaper  
  22  1:54  SCV  
  22  2:06  SCV, Reaper  
  24  2:13  Command Center  
  24  2:18  SCV  
  25  2:23  Refinery  
  25  2:24  Reaper  
  26  2:34  SCV  
  28  2:46  SCV  
  28  2:47  Barracks Reactor  
  28  2:55  Supply Depot  
  28  2:58  SCV  
  29  3:10  SCV  
  30  3:18  Factory  
  30  3:19  Barracks  
  30  3:23  SCV  
  30  3:25  Marine x2  
  33  3:27  Orbital Command  
  33  3:35  SCV  
  33  3:36  Bunker  
  36  3:51  Marine x2  
  36  3:52  SCV  
  36  3:53  SCV  
  38  4:04  SCV  
  38  4:05  SCV  
  38  4:08  Command Center  
  38  4:09  Barracks Tech Lab  
  40  4:13  Hellion  
  40  4:14  Hellion  
  40  4:17  SCV  
  45  4:19  Barracks Reactor  
  45  4:21  SCV  
  45  4:23  Supply Depot  
  46  4:29  SCV  
  47  4:31  Marine  
  47  4:32  Stimpack  
  47  4:33  SCV  
  47  4:36  Hellion x2  
  53  4:41  SCV  
  53  4:43  Barracks Reactor  
  53  4:44  Supply Depot  
  54  4:46  SCV  
  54  4:51  Marine  
  54  4:52  Engineering Bay x2  
  56  4:53  SCV  
  56  4:59  Starport  
  57  5:00  SCV  
  57  5:03  Marine x2  
  57  5:06  SCV  
  61  5:13  SCV, Factory Tech Lab  
  62  5:18  SCV, Marine  
  62  5:20  Refinery  
  64  5:22  Orbital Command  
  64  5:25  Terran Infantry Weapons Level 1  
  64  5:26  Terran Infantry Armor Level 1  
  60  5:36  Marine x4  
  60  5:38  Medivac x2  
  60  5:39  SCV x2  
  70  5:44  Refinery  
  70  5:47  Siege Tank  
  73  5:51  SCV  
  73  5:54  Marine x2  
  73  5:55  Supply Depot  
  73  5:56  SCV  
  77  5:59  Marine x2, Orbital Command  
  77  6:03  SCV  
  80  6:06  Marine  
  80  6:08  SCV  
  80  6:10  Medivac  
  84  6:12  Marine  
  84  6:17  SCV  
  86  6:18  Marine x3  
  86  6:21  SCV  
  86  6:24  Marine  
  86  6:25  Supply Depot x2  
  91  6:26  SCV  
  91  6:27  Armory  
  91  6:29  SCV  
  93  6:40  Barracks  
  93  6:42  Barracks  
  93  6:46  SCV x3, Marine  
  93  6:55  Medivac x2  
  93  6:56  Siege Tank  
  93  6:58  SCV x3  
  93  7:00  Supply Depot, Marine x3  
  93  7:01  Marine  
  104  7:04  Marine  
  105  7:11  SCV  
  105  7:13  SCV x2  
  108  7:18  Marine  
  108  7:20  Supply Depot, Terran Vehicle Weapons Level 1  
  109  7:23  SCV, Terran Infantry Weapons Level 2  
  109  7:24  Marine x3  
  109  7:28  Supply Depot  
  113  7:30  Supply Depot  
  113  7:33  Barracks Reactor x2  
  113  7:36  Marine  
  115  7:37  Refinery  
  115  7:38  Combat Shield  
  115  7:42  Marine x2  
  115  7:44  SCV  
  117  7:49  Marine x2  
  119  7:53  Marine  
  119  7:56  Medivac  
  121  8:00  SCV x2, Marine  
  121  8:03  Command Center  
  122  8:08  Marine  
  122  8:10  Terran Infantry Armor Level 2  
  123  8:14  Marine x7  
  123  8:18  Supply Depot, Marine  
  131  8:20  Supply Depot x2  
  131  8:23  Medivac  
  131  8:26  Marine  
  126  8:31  Marine  
  126  8:32  Marine x6  
  133  8:34  Medivac  
  133  8:36  Marine  
  133  8:40  Siege Tank  
  139  8:44  Supply Depot  
  139  8:45  SCV x3, Supply Depot, Refinery  
  139  8:47  Marine  
  143  8:49  Marine  
  143  8:50  Marine  
  143  8:51  Marine  
  146  8:56  Supply Depot x2  
  146  9:08  Marine  
  146  9:09  Marine x4  
  151  9:12  Siege Tank, Medivac x2  
  151  9:14  Marine  
  151  9:15  Marine x3  
  150  9:26  Marine  
  150  9:30  Marine x3  
  150  9:31  Marine  
  147  9:32  Marine x3  
  147  9:35  Barracks  
  147  9:36  Barracks  
  147  9:38  Barracks  
  147  9:44  Siege Tank  
  150  9:50  Marine x8  
  144  9:52  Terran Infantry Weapons Level 3  
  144  9:54  SCV, Planetary Fortress  
  144  9:55  SCV x2  
  147  10:01  Marine  
  147  10:06  SCV  
  149  10:07  SCV  
  149  10:08  Marine  
  136  10:14  Marine  
  136  10:15  Marine x6  
  136  10:16  Siege Tank  
  136  10:19  Marine  
  136  10:20  Medivac x2  
  141  10:25  Marine  
  139  10:32  Marine  
  139  10:33  SCV x2, Marine  
  143  10:42  Drilling Claws, Marine  
  140  10:44  Marine  
  140  10:46  Marine x8, Factory  
  140  10:48  SCV x4  
  153  10:50  Marine x2  
  153  10:51  Refinery x2  
  155  10:59  Command Center, Marine  
  155  11:01  Siege Tank  
  155  11:02  Terran Infantry Armor Level 3, Marine  
  155  11:04  Marine x7  
  161  11:06  Marine  
  161  11:08  Marine x2, Sensor Tower  
  170  11:17  Marine  
  171  11:20  Marine  
  171  11:21  Marine  
  171  11:22  Marine x6  
  171  11:24  Marine  
  172  11:26  Marine x2  
  172  11:29  Medivac  
  174  11:34  Factory Reactor, Widow Mine  
  174  11:35  Marine  
  174  11:37  Marine  
  174  11:39  Marine x7  
  179  11:41  Command Center  
  179  11:42  Marine  
  179  11:43  Marine  
  179  11:44  Barracks, Marine  
  177  11:51  Barracks  
  177  11:53  Marine  
  178  11:55  Marine  
  178  11:57  Marine x7  
  178  12:00  Widow Mine, Marine  
  181  12:03  Medivac x2  
  185  12:12  Widow Mine x2  
  185  12:14  Terran Vehicle Weapons Level 2  
  189  12:15  Marine  
  189  12:16  Barracks Tech Lab x3, Marine  
  189  12:17  Concussive Shells, Marine  
  189  12:19  Marauder  
  189  12:20  Planetary Fortress, Factory  
  189  12:21  Ghost Academy, Factory  
  189  12:22  Widow Mine  
  196  12:25  Command Center  
  196  12:39  Widow Mine x2  
  196  12:42  Barracks Tech Lab x2  
  200  12:56  Marauder x2  
  200  12:57  Marauder  
  199  13:03  Medivac  
  199  13:11  Factory Tech Lab  
  199  13:12  Factory Tech Lab  
  199  13:17  Command Center  
  185  13:20  Command Center  
  185  13:24  Ghost x3  
  185  13:25  Ghost x2  
  175  13:38  Widow Mine  
  175  13:39  Widow Mine  
  173  13:42  Siege Tank  
  173  13:48  Orbital Command  
  175  13:51  Command Center  
  175  13:52  Ghost x2  
  175  13:53  Marauder  
  179  13:56  Personal Cloaking  
  179  13:58  Ghost  
  181  14:03  Planetary Fortress  
  181  14:05  Siege Tank  
  181  14:09  Ghost  
  184  14:16  Refinery x2  
  186  14:20  Ghost  
  186  14:30  Terran Vehicle Weapons Level 3  
  184  14:33  Hellbat x2  
  174  14:40  Marauder x3  
  174  14:41  Siege Tank  
  176  14:46  Siege Tank  
  171  14:57  Marauder x2  
  166  15:06  Siege Tank  
  156  15:10  Marauder x4, Marine x8  
  156  15:11  Hellbat x2, Infernal Pre-Igniter  
  156  15:13  Orbital Command  
  159  15:17  Marine x2  
  160  15:23  SCV x3  
  160  15:24  SCV  
  160  15:28  Marine x3  
  167  15:29  Liberator  
  167  15:31  Liberator  
  173  15:41  Orbital Command  
  173  15:56  Siege Tank  
  173  15:57  Hellbat x2  
  184  16:00  Marauder x4  
  184  16:01  Marine x4  
  194  16:06  Neosteel Armor, Hi-Sec Auto Tracking  
  194  16:09  SCV x6  
  199  16:16  Hellbat x2  
  199  16:18  Hellbat  
  199  16:26  Ghost  
  199  16:28  Planetary Fortress  
  199  16:52  Command Center  
  199  16:53  Ghost x2  
  200  16:55  Command Center  
  200  16:56  Nuke  
  200  17:00  Siege Tank  
  200  17:08  Terran Vehicle And Ship Armor Level 1  
  198  17:16  Ghost x3  
  200  17:25  Refinery, Sensor Tower  
  200  17:27  Missile Turret  
  200  17:28  Command Center  
  200  17:29  Refinery  
  200  17:49  Marauder  
  200  17:53  Siege Tank  
  200  18:09  Command Center  
  200  18:11  Siege Tank  
  195  18:15  Siege Tank  
  195  18:17  Hellbat x2  
  189  18:25  Marauder x3, Marine  
  189  18:26  Hellbat  
  183  18:38  Hellbat  
  183  18:40  Ghost x3  
  191  18:43  Siege Tank  
  191  18:46  Ghost  
  191  18:47  Siege Tank  
  172  18:51  Siege Tank  
  172  18:52  Hellbat  
  172  18:54  Marine x2  
  164  19:03  Marauder x2, Marine x3  
  171  19:12  Planetary Fortress  
  171  19:15  Siege Tank  
  174  19:17  Marine  
  174  19:18  Marauder x3, Marine  
  174  19:23  Marauder  
  184  19:26  Siege Tank  
  187  19:43  Marine  
  187  19:44  Marauder x2  
  187  19:45  Hellbat x2, Siege Tank  
Tags
 
Add a new tag
Caveats
  • Supply blocks, unpowered buildings, or Contaminate may cause inaccurate times.
  • Supply counts are checked every 10 seconds.